 Dungeon Crawl Stone Soup version 0.23.2-40-g277498a001 (webtiles) character file.

Game seed: 5333212015376962358

32 Kikorro the Shield-Bearer (level 3, -4/23 HPs)
             Began as a Gargoyle Fighter on Sept 5, 2019.
             Slain by an iron imp (7 damage)
             ... summoned by Natasha
             ... on level 1 of the Dungeon.
             The game lasted 00:05:04 (977 turns).

Kikorro the Shield-Bearer (Gargoyle Fighter)         Turns: 977, Time: 00:05:04

Health: -4/23      AC: 10    Str: 20    XL:     3   Next: 27%
Magic:  3/3        EV:  8    Int:  8    God:
Gold:   49         SH:  9    Dex:  9    Spells: 2/2 levels left

rFire    . . .     SeeInvis .   a - +0 flail
rCold    . . .     Gourm    .   c - +0 shield
rNeg     + . .     Faith    .   b - +0 scale mail
rPois    ∞         Spirit   .   (no helmet)
rElec    +         Reflect  .   (no cloak)
rCorr    .         Harm     .   (no gloves)
MR       .....                  (no boots)
Stlth    ..........             (no amulet)
HPRegen  0.07/turn              m - +1 ring of evasion
MPRegen  0.08/turn              (no ring)

@: slowed, very slow
A: negative energy resistance 1, electricity resistance, unbreathing,
petrification resistance, rot immunity, AC +3
a: no special abilities


You were on level 1 of the Dungeon.
You were not hungry.

You visited 1 branch of the dungeon, and saw 2 of its levels.

You collected 49 gold pieces.

Inventory:

Hand Weapons
 a - a +0 flail (weapon)
Armour
 b - a +0 scale mail (worn)
 c - a +0 shield (worn)
Jewellery
 m - a +1 ring of evasion (left hand)
Scrolls
 h - a scroll of identify {unknown}
 i - a scroll of immolation {unknown}
 j - a scroll of noise {unknown}
 k - a scroll of teleportation
 l - a scroll of amnesia {unknown}
Potions
 d - a potion of might
 e - 3 potions of curing {unknown}
Comestibles
 f - 4 rations
 g - a chunk of flesh


   Skills:
 + Level 3.4 Fighting
 + Level 2.4 Maces & Flails
 + Level 3.7 Armour
 + Level 0.4 Dodging
 + Level 3.8 Shields


You had 2 spell levels left.
You didn't know any spells.
Your spell library was empty.

Dungeon Overview and Level Annotations

Branches:
Dungeon (2/15)

Altars:

Annotations:
D:1 Natasha


Innate Abilities, Weirdness & Mutations

You are resistant to torment.
Your stone body is resilient. (AC +3)
You are immune to poison.
You resist negative energy. (rN+)
You are resistant to electric shocks. (rElec)
You can survive without breathing.
You are immune to petrification.
You are immune to rotting.


Message History

The iron imp puffs mist at you. The iron imp barely misses you.
Natasha claws you but does no damage.
Your shield and scale mail prevent you from hitting Natasha.
Natasha is severely wounded.
Natasha claws you but does no damage.
The iron imp hits you but does no damage.
You block Natasha's attack.
The iron imp hits you but does no damage.
You hit Natasha.
Natasha is almost dead.
Natasha stares at you and mumbles some strange words.
You feel as though you will be slow longer.
You block the iron imp's attack.
Natasha stares at you and mumbles some strange words.
The magic dart hits you.
* * * LOW HITPOINT WARNING * * *
You closely miss Natasha.
Natasha is almost dead.
You block Natasha's attack. The iron imp hits you!
You die...

##......#.#.# #.#######
##.###..#...# #.# ##.#
#..#.### #.# .#.#
#..###### #.#
.#.###.......# #.#######
.'...)#.####.#####.......#
.#.#.................###.#
.#...##..............# #.#
##.####.........@....# #.#
##.............5h....# #.#
#######..............# #.#
# #.............(# #.#
#######..............# #.#
.......#########.##### #.#
######.# #.# #.####
####.#### #.# #....#
#.......# #.## ###.##


You could see an iron imp and Natasha.

Vanquished Creatures
  A dart slug (D:1)
  A leopard gecko (D:1)
  An orc (D:2)
  4 goblins (D:1)
  5 hobgoblins
  2 jackals (D:1)
  2 bats (D:1)
  5 kobolds (D:1)
  6 rats
27 creatures vanquished.

Notes
Turn   | Place    | Note
-------+----------+-------------------------------------------
     0 | D:1      | Kikorro the Gargoyle Fighter began the quest for the Orb.
     0 | D:1      | Reached XP level 1. HP: 14/14 MP: 1/1
   186 | D:1      | Reached XP level 2. HP: 19/19 MP: 2/2
   667 | D:1      | Reached XP level 3. HP: 23/23 MP: 3/3
   958 | D:2      | Noticed Natasha
   977 | D:1      | Slain by an iron imp

Action                   || total
-------------------------++-------
Melee: Flail             ||    85
  Use: Scroll            ||     1
Armor: Scale mail        ||    55
Dodge: Dodged            ||    30
Block: Shield            ||    55
